 Dungeon Crawl Stone Soup version 0.31-a0-557-g6e16503903 (webtiles) character file.

Game seed: 9545620014358921728

76 dialectric the Sneak (level 4, 0/30 HPs)
             Began as an Octopode Brigand on Aug 17, 2023.
             Slain by a gnoll
             ... wielding a +0 club
             ... led by a gnoll bouda
              (4 damage)
             ... on level 3 of the Dungeon.
             The game lasted 00:01:26 (1186 turns).

dialectric the Sneak (Octopode Brigand)             Turns: 1186, Time: 00:01:27

Health: 0/30       AC:  1    Str: 12    XL:     4   Next: 32%
Magic:  4/4        EV: 12    Int: 13    God:
Gold:   70         SH:  0    Dex: 13    Spells: 3/3 levels left

rFire   . . .        a - +2 dagger
rCold   . . .        (no shield)
rNeg    . . .        (helmet restricted)
rPois   .            (no amulet)
rElec   .            (no ring)
rCorr   .            (no ring)
SInv    .            (no ring)
Will    .....        (no ring)
Stlth   ++++         (no ring)
HPRegen 0.25/turn    (no ring)
MPRegen 0.09/turn    (no ring)
                     (no ring)

%: no passive effects
@: attractive
A: almost no armour, amphibious, 8 rings, camouflage 1, gelatinous body 1,
(nimble swimmer 1), tentacles
a: no special abilities


You were on level 3 of the Dungeon.
You visited 1 branch of the dungeon, and saw 3 of its levels.

You collected 70 gold pieces.

Inventory:

Hand Weapons
 a - a +2 dagger (weapon)
Missiles
 b - 9 poisoned darts
 c - 9 curare-tipped darts (quivered)
Wands
 i - a wand of paralysis (8)
Scrolls
 g - a scroll of teleportation {unknown}
 h - a scroll of revelation {unknown}
 j - a scroll of acquirement {unknown}
Potions
 e - a potion of curing {unknown}
 f - a potion of enlightenment {unknown}


   Skills:
 + Level 2.3 Fighting
 + Level 2.6 Short Blades
 + Level 2.3 Throwing
 + Level 1.0 Dodging
 + Level 6.9 Stealth


You had 3 spell levels left.
You didn't know any spells.
Your spell library was empty.

Dungeon Overview and Level Annotations

Branches:
Dungeon (3/15)

Altars:


Innate Abilities, Weirdness & Mutations

You cannot wear most types of armour.
You are amphibious.
You can wear up to eight rings at the same time.
Your skin changes colour to match your surroundings (Stealth+).
Your rubbery body absorbs attacks. (AC +1, EV +1)
((You are camouflaged when in or above water. (Stealth+)))
You have tentacles for arms and can constrict up to eight enemies at once.


Message History

You hit the gnoll. You grab the gnoll.
The gnoll is moderately wounded.
You constrict the gnoll. The gnoll hits you but does no damage.
You hit the gnoll but do no damage.
The gnoll is heavily wounded.
You constrict the gnoll.
The gnoll bouda barks out a call to the hunt!
The gnolls pick up the pace!
The gnoll hits you with a +0 whip. x2
You hit the gnoll but do no damage.
The gnoll is heavily wounded.
You constrict the gnoll. The gnoll barely misses you.
The gnoll struggles to escape constriction.
The gnoll completely misses you.
The gnoll bouda gazes fiercely through you!
You feel your attacks grow feeble.
You hit the gnoll.
The gnoll is almost dead.
You constrict the gnoll. The gnoll barely misses you.
The gnoll hits you from afar with a +0 spear!
You hit the gnoll but do no damage.
You squeeze the gnoll, but do no damage.
The gnoll is almost dead.
You constrict the gnoll.
You kill the gnoll!
The gnoll barely misses you. The gnoll completely misses you.
The gnoll hits you with a +0 club!
* * * LOW HITPOINT WARNING * * *
The gnoll attacks as you move away! The gnoll closely misses you.
The gnoll misses you.
It was a potion of attraction.
You feel attractive to monsters.
Your attacks no longer feel as feeble.
The gnoll hits you with a +0 whip.
* * * LOW HITPOINT WARNING * * *
The gnoll bouda is attracted toward you.
Unknown command.
The gnoll barely misses you.
You see here a quokka corpse.
The gnoll attacks as you move away! The gnoll hits you with a +0 club.
You die...

#.....##........# #.#.#.........
#.....##)...>...###.#.#.........
#.....##........##...>..########
#.....##..(...........###
#.....##............#.#
########.......######.#
.########....#.#
..########.##.#.##
.....ยง)gg@.......+
.......gg.....#.##
.......g......#.#
..............+.#
..............###
..############# .


You could see a gnoll bouda and 4 gnolls.

Vanquished Creatures
  A gnoll (D:3)
  2 adders
  A dart slug (D:1)
  An orc (D:3)
  A bat (D:1)
  5 endoplasms
  3 giant cockroaches
  2 hobgoblins
  3 jackals (D:3)
  2 kobolds (D:1)
  5 quokkas
  3 ball pythons (D:1)
  3 frilled lizards (D:1)
  5 goblins (D:1)
  6 rats
43 creatures vanquished.

Notes
Turn   | Place    | Note
-------+----------+-------------------------------------------
     0 | D:1      | dialectric the Octopode Brigand began the quest for the
                  | Orb.
     0 | D:1      | Reached XP level 1. HP: 14/14 MP: 1/1
   173 | D:1      | Reached XP level 2. HP: 18/19 MP: 2/2
   271 | D:1      | Reached skill level 6 in Stealth
   313 | D:1      | Reached XP level 3. HP: 24/24 MP: 3/3
   891 | D:3      | Reached XP level 4. HP: 20/30 MP: 4/4
  1186 | D:3      | Slain by a gnoll

Illustrated notes

Levels and vault maps discovered:
D:1:      giann_bridges, layout_basic
D:2:      layout_basic, ebering_ecumenical_altar_box, uniq_crazy_yiuf_cottage,
          uniq_terence
D:3:      layout_basic

Skill      XL: |  1  2 |
---------------+-------+-----
Stealth        | 6 |  6.9
Fighting       | |  2.3
Short Blades   | |  2.6
Throwing       | |  2.3
Dodging        | |  1.0

Action                     |  1- 3 |  4- 6 || total
---------------------------+-------+-------++-------
  Melee: Dagger            |    56 |    12 ||    68
         Constrict         |     7 |     3 ||    10
         Tentacles         |     2 |     1 ||     3
    Use: Potion            |       |     1 ||     1
   Stab: Sleeping          |    22 |     3 ||    25
 Armour: Skin              |     5 |     1 ||     6
  Dodge: Dodged            |    21 |    10 ||    31

Table legend: (Time is in decaauts)
 A = Elapsed time spent in this place.
 B = Non-inter-level travel time spent in this place.
 C = Inter-level travel time spent in this place.
 D = Time resting spent in this place.
 E = Time spent auto-exploring this place.
 F = Levels seen in this place.
 G = Mean time per level.
                   A        B        C        D        E       F      G
               +--------+--------+--------+--------+--------+-----+--------+
         Total |   1177 |   1128 |     49 |      0 |    841 |   3 |  392.3 |
       Dungeon |   1177 |   1128 |     49 |      0 |    841 |   3 |  392.3 |
               +--------+--------+--------+--------+--------+-----+--------+

Top non-repeatable levels by time:
     D:1: 788 daAuts
     D:3: 363 daAuts
     D:2: 25 daAuts
